 Dungeon Crawl Stone Soup version 0.22-a0-425-g89d60a1 (webtiles) character file.

8535 robertstho the Grappler (level 11, -8/148 (150) HPs)
             Began as a Troll Monk on May 23, 2018.
             Was an Elder of Wu Jian.
             Mangled by a white ugly thing (32 damage)
             ... on level 11 of the Dungeon.
             The game lasted 00:27:21 (7964 turns).

robertstho the Grappler (Troll Monk)                Turns: 7964, Time: 00:27:22

HP:   -8/148 (150)  AC:  6    Str: 26    XL:     11   Next: 11%
MP:   10/10         EV: 12    Int:  6    God:    Wu Jian [****..]
Gold: 11            SH:  8    Dex: 19    Spells: 10/10 levels left

rFire    . . .     SeeInvis .     - Unarmed
rCold    . . .     Gourm    +   M - +0 shield
rNeg     . . .     Faith    .   y - +1 robe
rPois    .         Spirit   .   (helmet restricted)
rElec    .         Reflect  .   N - scarf {repulsion}
rCorr    .         Harm     .   (gloves unavailable)
MR       .....                  (boots unavailable)
Stlth    ..........             G - amulet of rage
HPRegen  0.74/turn              l - +4 ring of dexterity
MPRegen  0.12/turn              (no ring)

@: berserking, repel missiles, serpent's lash, very quick
A: large, unfitting armour, claws 3, fast metabolism 3, gourmand, regeneration
1, shaggy fur 1, tough skin 2
a: Wall Jump, Serpent's Lash, Renounce Religion, Evoke Berserk Rage


You were on level 11 of the Dungeon.
You worshipped Wu Jian.
Wu Jian was greatly pleased with you.
You were very full.

You visited 2 branches of the dungeon, and saw 12 of its levels.
You also visited: Sewer.

You collected 651 gold pieces.
You spent 640 gold pieces at shops.

Inventory:

Hand Weapons
 C - a +0 hunting sling
 H - a +0 blowgun
 O - a +3 scimitar of flaming
Missiles
 c - 2 exploding tomahawks
 u - 11 tomahawks (quivered)
 B - 80 sling bullets
 I - 52 poisoned needles
 L - 40 bolts
Armour
 y - a +1 robe (worn)
 M - a +0 shield (worn)
 N - a scarf of repulsion (worn)
Jewellery
 l - a +4 ring of dexterity (left claw)
 o - an uncursed ring of ice
 t - the amulet "Zekaqodgh" {Reflect Dex+3 SH+2}
   (You bought it in a shop on level 6 of the Dungeon)

   [amulet of reflection]

   It shields you and reflects attacks.
   It affects your dexterity (+3).
   It affects your SH (+2).
 G - an amulet of rage (around neck)
Wands
 q - a wand of enslavement (14)
 w - a wand of iceblast (6)
 P - a wand of scattershot (3)
Scrolls
 a - a scroll of holy word
 d - 11 scrolls of remove curse
 f - 5 scrolls of magic mapping
 j - 3 scrolls of amnesia {unknown}
 k - a scroll of identify
 p - 2 scrolls of enchant weapon {unknown}
 s - 7 scrolls of teleportation
 v - 5 scrolls of fear
 x - a scroll of summoning
 E - a scroll of blinking
 F - 2 scrolls of enchant armour
 K - 3 scrolls of fog
Potions
 e - 2 potions of agility
 g - 2 potions of lignification
 h - 5 potions of curing
 i - a potion of magic
 m - 2 potions of flight
 n - 2 potions of heal wounds
 r - a potion of might
 z - 2 potions of haste
 A - 2 potions of invisibility
 J - a potion of ambrosia
Comestibles
 b - 27 rations
 D - 2 chunks of flesh


   Skills:
 + Level 4.0 Fighting
 * Level 7.5 Dodging
 + Level 2.9 Stealth
 + Level 0.1 Shields
 * Level 13.7 Unarmed Combat


You had 10 spell levels left.
You didn't know any spells.
Your spell library was empty.

Dungeon Overview and Level Annotations

Branches:
Dungeon (11/15)            Temple (1/1) D:7            Lair (0/6) D:8
    Orc (0/2) D:9

Altars:
Ashenzari
Cheibriados
Dithmenos
Elyvilon
Fedhas
Gozag
Hepliaklqana
Kikubaaqudgha
Nemelex Xobeh
Okawaru
Qazlal
Ru
Sif Muna
Trog
Uskayaw
Vehumet
Wu Jian
Xom
Yredelemnul
Zin
The Shining One

Shops:
D:4 (   D:6 =   D:9 ?(   D:11 [??

Annotations:
D:6 249 amulet reflect
D:8 exclusion: ice statue
D:9 scroll shop
D:11 scroll shop, SevenDeadlySins's ghost, journeyman DsGl


Innate Abilities, Weirdness & Mutations

You are too large for most types of armour.
You have claws for hands.
Your metabolism is lightning-fast.
You like to eat raw meat.
Your natural rate of healing is unusually fast.
You are covered in fur. (AC +1)
You have very tough skin. (AC +2)


Message History

G - an amulet of rage (around neck)
The white ugly thing misses you.
You fail to use your ability.
The howler monkey hoots and howls with incredible vigour!
The white ugly thing tentacle-slaps you.
The white ugly thing freezes you!!
* * * LOW HITPOINT WARNING * * *
You hear a shout!
You fail to use your ability.
You block the white ugly thing's attack.
A red film seems to cover your vision as you go berserk!
You feel yourself moving faster!
You feel mighty!
You block the white ugly thing's attack.
You barely miss the white ugly thing. You scratch the white ugly thing.
The white ugly thing is lightly wounded.
The white ugly thing tentacle-slaps you!
* * * LOW HITPOINT WARNING * * *
The white ugly thing freezes you!!
You die...

# ........#.##...# ####
.#.....#.#...#.!.<# ..## # .....
#....†.....# ###..### ...
#..###.#..###..# ## ...#...##.#.
#..##.h....#..## #. ..<(......#..
#...W..#......###. ..........#...
###..#......#..##.
..)†)..........###h5...#.........
....(....#......@uW#...#.#.......
...)....###."..######...........∩
.......## ###...# #...#......?.
###.#### #...#####............
#∩# ####..>.##............. ###.#
####.............#........
....####....####.#...............
.............(...................
....###................#.#.......


You could see a white ugly thing, a howler monkey, a quasit and
SevenDeadlySins's ghost.

Vanquished Creatures
  Fannar (D:10)
  Erica (D:8)
  Pikel (D:5)
  An ugly thing (D:11)
  A hippogriff (D:11)
  The ghost of PopulousWildman the Sneak, an amateur OpCK of Xom (D:4)
  2 wyverns
  Menkaure (D:7)
  Edmund (D:5)
  A warg (D:9)
  Duvessa (D:7)
  The ghost of jujuben the Skirmisher, an amateur OgAM (D:3)
  5 black bears
  6 orc warriors
  2 sky beasts
  An eye of draining (D:8)
  A necrophage (D:8)
  2 ogres
  A phantom (D:9)
  4 centaurs
  A crocodile (D:11)
  9 bullfrogs
  4 big kobolds
  A gnoll sergeant (D:8)
  A wyvern zombie (D:8)
  A water moccasin zombie (D:9)
  Dowan (D:7)
  A scorpion (D:8)
  3 killer bees (D:10)
  A wight (D:8)
  5 howler monkeys
  4 crimson imps
  3 bullfrog zombies
  5 hounds
  5 jellies (D:8)
  3 orc priests (D:8)
  2 centaur skeletons
  3 iguanas
  A bullfrog skeleton (D:9)
  9 orc wizards
  10 worker ants
  A killer bee zombie (D:8)
  3 gnolls (D:8)
  A river rat (Sewer)
  8 adders
  2 shadow imps
  7 oozes
  5 adder skeletons
  A worm (D:3)
  2 dart slugs (D:1)
  9 leopard geckos
  35 orcs
  13 giant cockroaches
  3 goblins (D:1)
  7 hobgoblins
  11 jackals
  5 quokkas
  A ball python (D:3)
  9 bats
  4 frilled lizards
  39 kobolds
  A leopard gecko skeleton (D:5)
  A leopard gecko zombie (D:7)
  15 rats
291 creatures vanquished.

Vanquished Creatures (others)
  A worm (D:5)
1 creature vanquished.

Grand Total: 292 creatures vanquished

Notes
Turn   | Place    | Note
-------+----------+-------------------------------------------
     0 | D:1      | robertstho the Troll Monk began the quest for the Orb.
     0 | D:1      | Reached XP level 1. HP: 22/22 MP: 0/0
   155 | D:1      | Reached XP level 2. HP: 29/29 MP: 1/1
   214 | D:1      | Found an iron altar of Okawaru.
   640 | D:2      | Noticed a bullfrog
   659 | D:2      | Killed a bullfrog
   659 | D:2      | Reached XP level 3. HP: 16/36 MP: 2/2
   659 | D:2      | Reached XP level 4. HP: 19/44 MP: 3/3
   843 | D:2      | Reached skill level 4 in Unarmed Combat
  1166 | D:3      | Reached XP level 5. HP: 34/52 MP: 4/4
  1336 | D:3      | Found a glowing drain.
  1357 | Sewer    | Entered a sewer
  1442 | Sewer    | Reached skill level 5 in Unarmed Combat
  1442 | Sewer    | Reached XP level 6. HP: 58/59 MP: 5/5
  1458 | Sewer    | Found a white marble altar of Elyvilon.
  1551 | D:3      | Found a white marble altar of Elyvilon.
  1636 | D:3      | Noticed jujuben's ghost (amateur OgAM)
  1660 | D:3      | Killed jujuben's ghost
  1801 | D:3      | Reached skill level 6 in Unarmed Combat
  1952 | D:4      | Reached XP level 7. HP: 67/67 MP: 6/6
  2072 | D:4      | Found an opulent altar of Gozag.
  2239 | D:4      | Noticed PopulousWildman's ghost (amateur OpCK)
  2248 | D:4      | Killed PopulousWildman's ghost
  2248 | D:4      | Reached skill level 7 in Unarmed Combat
  2318 | D:4      | Found Meudwia's Antique Weapon Boutique.
  2480 | D:5      | Entered Level 5 of the Dungeon
  2553 | D:5      | Found a glowing golden altar of the Shining One.
  2587 | D:5      | Reached XP level 8. HP: 59/75 MP: 7/7
  2663 | D:5      | Noticed Pikel
  2674 | D:5      | Killed Pikel
  2674 | D:5      | Reached skill level 5 in Dodging
  2674 | D:5      | Reached skill level 8 in Unarmed Combat
  2806 | D:5      | Found a sacrificial altar of Ru.
  3411 | D:5      | Noticed Edmund
  3429 | D:5      | Killed Edmund
  3429 | D:5      | Reached skill level 9 in Unarmed Combat
  3685 | D:6      | Found Otecyept's Jewellery Emporium.
  3890 | D:6      | Reached XP level 9. HP: 37/83 MP: 8/8
  4594 | D:7      | Reached skill level 10 in Unarmed Combat
  4617 | D:6      | Bought the amulet "Zekaqodgh" {Reflect Dex+3 SH+2} for 249 gold pieces
  4665 | D:7      | Noticed Dowan
  4666 | D:7      | Noticed Duvessa
  4672 | D:7      | Killed Dowan
  4676 | D:7      | Killed Duvessa
  4753 | D:7      | Found a shimmering altar of Xom.
  4817 | D:7      | Noticed Menkaure
  4820 | D:7      | Killed Menkaure
  5181 | D:7      | Found a staircase to the Ecumenical Temple.
  5224 | Temple   | Entered the Ecumenical Temple
  5299 | Temple   | Became a worshipper of the Wu Jian Council
  5299 | Temple   | Reached * piety under Wu Jian
  5299 | Temple   | Reached ** piety under Wu Jian
  5420 | D:8      | Reached skill level 11 in Unarmed Combat
  5461 | D:8      | Noticed an ice statue
  5601 | D:8      | Found a staircase to the Lair.
  5753 | D:8      | Noticed Erica
  5773 | D:8      | Killed Erica
  5773 | D:8      | Reached XP level 10. HP: 57/91 MP: 9/9
  5853 | D:8      | Reached skill level 12 in Unarmed Combat
  5856 | D:8      | Reached *** piety under Wu Jian
  6280 | D:9      | Found a staircase to the Orcish Mines.
  6388 | D:9      | Found a bloodstained altar of Trog.
  6401 | D:9      | Reached **** piety under Wu Jian
  6506 | D:9      | Found Edawael's Weapon Boutique.
  6506 | D:9      | Found a hazy altar of Hepliaklqana.
  6738 | D:9      | Found Isegiuq's Magic Scroll Boutique.
  6744 | D:9      | Bought a scroll of identify for 30 gold pieces
  6744 | D:9      | Bought a scroll of identify for 30 gold pieces
  6744 | D:9      | Bought a scroll of random uselessness for 15 gold pieces
  6744 | D:9      | Bought a scroll of immolation for 52 gold pieces
  6744 | D:9      | Bought a scroll of enchant armour for 112 gold pieces
  6744 | D:9      | Bought a scroll of noise for 15 gold pieces
  6744 | D:9      | Bought a scroll of identify for 30 gold pieces
  7000 | D:10     | Entered Level 10 of the Dungeon
  7345 | D:10     | Reached skill level 13 in Unarmed Combat
  7430 | D:10     | Noticed Fannar
  7455 | D:10     | Killed Fannar
  7756 | D:11     | Found Rutsy's Antique Armour Boutique.
  7797 | D:11     | Bought a shield for 81 gold pieces
  7826 | D:11     | Noticed a purple ugly thing
  7839 | D:11     | Killed a purple ugly thing
  7839 | D:11     | Reached XP level 11. HP: 67/99 MP: 10/10
  7846 | D:11     | Found Gusurph's Magic Scroll Boutique.
  7853 | D:11     | Bought a scroll of identify for 26 gold pieces
  7883 | D:11     | Found Evyjut's Magic Scroll Shop.
  7936 | D:11     | Noticed SevenDeadlySins's ghost (journeyman DsGl)
  7939 | D:11     | Noticed a white ugly thing
  7964 | D:11     | Mangled by a white ugly thing

Vault maps used:
D:1:      eino_arrival_tree_alley, okawaru_ov_weapons_minmay
D:3:      overflow_temple_1_default, portal_sewer_entry_f
D:4:      nicolae_gozag_seed_capital, first_ration, serial_shops,
          nicolae_shop_overgrown_old_shop, solitary_fountain
D:5:      nicolae_ru_great_annihilating_truth, tso_metal_star, serial_glass,
          glass_columns_a, glass_columns_a, kennysheep_generic_room_3,
          uniq_edmund, uniq_pikel
D:6:      kennysheep_kobold_camp, serial_shops, shop
D:7:      temple_hall, basic_altar, hangedman_decor_points, uniq_duvessa,
          uniq_menkaure
D:8:      lemuel_ice_statue, lair_entry_dummy, serial_undead, serial_undead_e,
          serial_undead_f, serial_undead_b, serial_undead_a,
          hangedman_little_slice_of_home, minivault_5, uniq_erica
D:9:      trog_ov_bears_minmay, nicolae_overflow_hidden_temple,
          david_orc_1_choice, serial_shops, kennysheep_little_box,
          nicolae_shop_waterfront
D:10:     uniq_fannar
D:11:     basic_altar, serial_shops, shop_scrolls, shop, shop,
          nicolae_shop_temple_entry_statues_fountains, uniq_nergalle
Temple:   nicolae_temple_elliptical
Sewer:    sewer_kobolds

Skill      XL: |  1  2  3  4  5  6  7  8  9 10 |
---------------+-------------------------------+-----
Dodging        | 3 4 5 6 7 |  7.5
Unarmed Combat | 4 5 6 7 9 11 13 | 13.7
Fighting       | 3 4 |  4.0
Stealth        | 2 |  2.9
Shields        | |  0.1

Action                   |  1- 3 |  4- 6 |  7- 9 | 10-12 || total
-------------------------+-------+-------+-------+-------++-------
Melee: Unarmed           |    65 |   157 |   316 |   264 ||   802
       Punch             |       |     5 |    14 |    23 ||    42
       Scimitar          |       |       |       |     1 ||     1
Invok: Lunge             |       |       |     6 |    23 ||    29
       Serpent's Lash    |       |       |       |     2 ||     2
       Whirlwind         |       |       |       |     1 ||     1
       Wall Jump         |       |       |       |     1 ||     1
 Abil: Evoke Berserk Rag |       |       |       |     1 ||     1
  Use: Potion            |       |     1 |       |       ||     1
       Scroll            |       |       |    12 |    10 ||    22
 Stab: Sleeping          |       |     5 |     7 |     4 ||    16
       Distracted        |       |       |     2 |     3 ||     5
       Paralysed         |       |       |     1 |       ||     1
  Eat: Chunk             |     1 |    19 |    35 |    20 ||    75
       Ration            |     1 |       |       |       ||     1
Armor: Robe              |    15 |    41 |    66 |    37 ||   159
Dodge: Dodged            |    42 |    89 |   191 |   139 ||   461
Block: Other             |       |       |     3 |    10 ||    13
       Reflection        |       |       |     1 |       ||     1
       Shield            |       |       |       |    17 ||    17

Table legend:
 A = Spawn XP
 B = Non-spawn XP
 C = Spawn XP percentage of total XP
 D = Spawn monster count
 E = Non-spawn monster count
 F = Spawn count percentage of total count
 G = Total turns spent on level
                    A         B        C        D         E        F      G
               +---------+---------+-------+---------+---------+-------+---------
         Total |       0 |   12194 |   0.0 |       0 |     291 |   0.0 |  7964
               +---------+---------+-------+---------+---------+-------+---------
           D:1 |       0 |      39 |   0.0 |       0 |      20 |   0.0 |   677
           D:2 |       0 |     110 |   0.0 |       0 |      15 |   0.0 |   542
           D:3 |       0 |     438 |   0.0 |       0 |      39 |   0.0 |   676
           D:4 |       0 |     545 |   0.0 |       0 |      20 |   0.0 |   578
           D:5 |       0 |    1144 |   0.0 |       0 |      23 |   0.0 |  1033
           D:6 |       0 |     858 |   0.0 |       0 |      39 |   0.0 |   959
           D:7 |       0 |    1220 |   0.0 |       0 |      15 |   0.0 |   661
           D:8 |       0 |    2321 |   0.0 |       0 |      48 |   0.0 |   821
           D:9 |       0 |    2204 |   0.0 |       0 |      31 |   0.0 |   878
          D:10 |       0 |    1515 |   0.0 |       0 |      15 |   0.0 |   691
          D:11 |       0 |    1688 |   0.0 |       0 |      17 |   0.0 |   208
         Sewer |       0 |     112 |   0.0 |       0 |       9 |   0.0 |   144
               +---------+---------+-------+---------+---------+-------+---------
